 Dungeon Crawl Stone Soup version 0.18-a0-750-g37044d6 (webtiles) character file.

275 gorblad the Skirmisher (level 6, -14/48 HPs)
             Began as a Mummy Fighter on Dec 11, 2015.
             Demolished by an ogre
             ... wielding a +0 giant spiked club
              (22 damage)
             ... on level 4 of the Dungeon.
             The game lasted 00:06:15 (2686 turns).

gorblad the Skirmisher (Mummy Fighter)              Turns: 2686, Time: 00:06:15

Health: -14/48     AC:  8    Str: 21    XL:     6   Next: 3%
Magic:  6/6        EV:  7    Int:  8    God:
Gold:   152        SH:  9    Dex: 11    Spells: 0 memorised, 5 levels left

rFire  x . .     SeeInvis .     a - +0 trident
rCold  + . .     Clarity  .     b - +0 scale mail
rNeg   + + +     SustAt   .     c - +0 shield
rPois  ∞         Gourm    .     e - +2 hat
rElec  .         Spirit   .     (no cloak)
rCorr  .         Dismiss  .     (no gloves)
rMut   .         Stasis   .     (no boots)
MR     .....                    (no amulet)
Stlth  ..........               (no ring)
                                (no ring)

@: not resistant to hostile enchantments, extremely unstealthy
A: no food or potions, fire vulnerability, cold resistance 1, negative energy
resistance 3, torment resistance, unbreathing
a: no special abilities


You were on level 4 of the Dungeon.
You were not hungry.

You visited 1 branch of the dungeon, and saw 4 of its levels.

You collected 152 gold pieces.

Inventory:

Hand Weapons
 a - a +0 trident (weapon)
Armour
 b - a +0 scale mail (worn)
 c - a +0 shield (worn)
 e - a +2 hat (worn)
Wands
 f - a wand of slowing (19)
 j - a wand of digging (24)
Scrolls
 d - a scroll of amnesia
 h - 2 scrolls of immolation


   Skills:
 + Level 4.2 Fighting
 + Level 3.0 Polearms
 + Level 3.4 Armour
 + Level 3.4 Shields


You had 5 spell levels left.
You didn't know any spells.

Dungeon Overview and Level Annotations

Branches:
Dungeon (4/15)
 Temple: D:4-7

Altars:
Gozag
Kikubaaqudgha
Makhleb
Okawaru


Innate Abilities, Weirdness & Mutations

You do not eat or drink.
Your flesh is vulnerable to fire.
You are immune to poison.
Your flesh is cold resistant.
You are immune to negative energy.
You are immune to unholy pain and torment.
You can survive without breathing.


Message History

You are too injured to fight recklessly!
You are too injured to fight recklessly!
You are too injured to fight recklessly!
You are too injured to fight recklessly!
You are too injured to fight recklessly!
You are too injured to fight recklessly!
You are too injured to fight recklessly!
You are too injured to fight recklessly!
You are too injured to fight recklessly!
You hit the ogre.
The ogre is severely wounded.
The ogre hits you with a giant spiked club.
* * * LOW HITPOINT WARNING * * *
You hit the ogre.
The ogre is severely wounded.
The ogre hits you but does no damage.
You hit the ogre.
The ogre is severely wounded.
The ogre hits you with a giant spiked club!!
You die...

.. #. ... ##.. #.#
.$. ... #..#.#
##### #.#.# #...#
#..###...##########
#..........[.....#
#@###...########.#
#O# #...# #.# ..#
#...# #.# #..#
#...# #.# #..#
##### #.# ##># #.#
#.. #.# #..
.#####.. ........


You could see an ogre.

Vanquished Creatures
  3 vampire bats (D:2)
  A crimson imp (D:2)
  Jessica (D:2)
  4 adders
  An ooze (D:3)
  A worm (D:2)
  4 giant geckos
  2 bat skeletons (D:2)
  3 bat zombies (D:2)
  2 giant cockroaches (D:2)
  7 goblins
  11 hobgoblins
  6 kobolds
  2 quokkas
  6 bats
  A giant newt (D:1)
  7 rats
62 creatures vanquished.

Notes
Turn   | Place    | Note
--------------------------------------------------------------
     0 | D:1      | gorblad the Mummy Fighter began the quest for the Orb.
     0 | D:1      | Reached XP level 1. HP: 18/18 MP: 1/1
   359 | D:1      | Reached XP level 2. HP: 21/24 MP: 2/2
  1063 | D:2      | Found a burning altar of Makhleb.
  1115 | D:2      | Reached XP level 3. HP: 24/29 MP: 3/3
  1281 | D:2      | Reached XP level 4. HP: 23/36 MP: 4/4
  1430 | D:2      | Noticed Jessica
  1443 | D:2      | Killed Jessica
  1585 | D:2      | Found an ancient bone altar of Kikubaaqudgha.
  1599 | D:2      | Reached XP level 5. HP: 38/42 MP: 5/5
  1600 | D:2      | Reached skill level 4 in Fighting
  1983 | D:3      | Found an opulent altar of Gozag.
  2346 | D:3      | Found an iron altar of Okawaru.
  2484 | D:3      | Reached XP level 6. HP: 45/48 MP: 6/6
  2686 | D:4      | Demolished by an ogre

Vault maps used:
D:1:      dpeg_arrival_rooms_c
D:2:      kennysheep_vampire_church, makhleb_grotto_becter, uniq_jessica
D:3:      grunt_gozag_breadcrumbs, okawaru_metal_pillars_1_2
D:4:      lemuel_round_altar, kennysheep_little_box, minmay_temple_entry_hall,
          first_bread, gup_sewer_entry_bubbles, minmay_misc_feat_x,
          uniq_duvessa, uniq_sigmund, uniq_edmund

Action                   |  1- 3 |  4- 6 || total
-------------------------+-------+-------++-------
Melee: Trident           |   142 |   177 ||   319
  Use: Scroll            |     1 |     7 ||     8
